cohdb
Replays
Latest Replays
All Replays
Popular Replays
Top Player Replays
Match Explorer
How It Works
Community
CoH3 Stats
Reddit
Sign in to upload your games and track your stats! →
Sign in with Steam
Match 39950580
Unlisted
Match 39950580
Overview
Messages
Build Orders
End
Panzergrenadier Squad
Selects Panzerjäger Kommand Battlegroup
Selects Mine Fields
250 Light Carrier
Panzergrenadier Squad
Panzergrenadier Squad
Construct Light Support Kompanie
Construct Mechanized Kompanie
Support Armor Elements
Panzergrenadier Squad
Selects Defensive Positions
Panzerjäger Mechanized Group
StuG III D Assault Gun
Selects Tank Busters
Selects Crew Shock Tactics
Emergency Repair Kits
Vehicle Survival Package
Construct Panzerarmee Kommand
Pak 38 Mechanized Group
Selects Anti-tank Overwatch
Walking Stuka Rocket Launcher
Marder III Tank Destroyer
Assault Mechanized Group
2.5-tonne Medical Truck
Selects Butterfly Bomb Drop
Crew Shock Tactics
Armored Reserves
Panzer IV Assault Group
Crew Shock Tactics
T.R. Olvadi
Haxses
Hanzawilhelm Longbowman of Crécy
Clara
0
0
Comments
sign in to comment!
No comments posted yet!